3AA
GLENDALE HERONS @ VIRGINIA BEACH DEUCES
07/19/2026
 
TOP OF THE 1ST
Glendale Herons batting - Pitching for Virginia Beach Deuces : LHP Gabriel Herrera
Pitching: LHP Gabriel Herrera
Batting: RHB Daniel Maldonado 0-0: Called Strike
0-1: Called Strike
0-2: Foul Ball, location: 2F
0-2: Ball
1-2: Strikes out swinging
Batting: RHB Restin P. Surambe 0-0: Fly out, F9 (Flyball, 9S)
Batting: RHB Jordan Hollins 0-0: Ball
1-0: Called Strike
1-1: Ball
2-1: Foul Ball, location: 2F
2-2: Ball
3-2: Hit by Pitch
Batting: LHB Ruud van Ineveld 0-0: Called Strike
0-1: Swinging Strike
0-2: Strikes out swinging
Top of the 1st over - 0 run(s), 0 hit(s), 0 error(s), 1 left on base; Glendale 0 - Virginia Beach 0
BOTTOM OF THE 1ST
Virginia Beach Deuces batting - Pitching for Glendale Herons : RHP Mike Barrett
Pitching: RHP Mike Barrett
Batting: LHB Atílio Mansilhas 0-0: Ground out 4-3 (Groundball, 34)
Batting: RHB James Hill 0-0: Called Strike
0-1: Foul Ball, location: 2F
0-2: Ball
1-2: Ball
2-2: Ball
3-2: Strikes out swinging
Batting: RHB Luis Jelarde 0-0: Called Strike
0-1: Foul Ball, location: 2F
0-2: SINGLE (Groundball, 56D)
Batting: SHB Carlos Pérez 0-0: Called Strike
0-1: Called Strike
0-2: Ball
1-2: Ball
2-2: Ball
3-2: Base on Balls
Luis Jelarde to second
Batting: LHB Curt Wilson 0-0: Fly out, F7 (Flyball, 7S)
Bottom of the 1st over - 0 run(s), 1 hit(s), 0 error(s), 2 left on base; Glendale 0 - Virginia Beach 0
TOP OF THE 2ND
Glendale Herons batting - Pitching for Virginia Beach Deuces : LHP Gabriel Herrera
Batting: RHB Ramón Hernández 0-0: Ball
1-0: Ball
2-0: Foul Ball, location: 2F
2-1: Ball
3-1: Ground out 5-3 (Groundball, 5S)
Batting: RHB Santiago Ramos 0-0: Ball
1-0: Ball
2-0: Foul Ball, location: 2F
2-1: Called Strike
2-2: Strikes out looking
Batting: RHB José Villegas 0-0: Ball
1-0: Ball
2-0: Ball
3-0: Base on Balls
Batting: SHB Raúl Duarte 0-0: Ball
1-0: Fly out, F8 (Flyball, 8LM)
Top of the 2nd over - 0 run(s), 0 hit(s), 0 error(s), 1 left on base; Glendale 0 - Virginia Beach 0
BOTTOM OF THE 2ND
Virginia Beach Deuces batting - Pitching for Glendale Herons : RHP Mike Barrett
Batting: SHB Juan Perales 0-0: Swinging Strike
0-1: Foul Ball, location: 2F
0-2: Fly out, F2 (Popup, P)
Batting: RHB Juan González 0-0: Ball
1-0: Ball
2-0: Ball
3-0: Base on Balls
Batting: RHB Robert Emmet Odlum 0-0: Ball
1-0: Ball
2-0: Foul Ball, location: 2F
2-1: Swinging Strike
2-2: Strikes out swinging
Batting: RHB Raleigh Delaney 0-0: Called Strike
0-1: Ball
1-1: Fielders Choice at 2nd, 5-4 (Groundball, 56)
Bottom of the 2nd over - 0 run(s), 0 hit(s), 0 error(s), 0 left on base; Glendale 0 - Virginia Beach 0
TOP OF THE 3RD
Glendale Herons batting - Pitching for Virginia Beach Deuces : LHP Gabriel Herrera
Batting: SHB Tom Oglander 0-0: Ball
1-0: Ground out 4-3 (Groundball, 4)
Batting: RHB Daniel Maldonado 0-0: Swinging Strike
0-1: Ball
1-1: Swinging Strike
1-2: Strikes out swinging
Batting: RHB Restin P. Surambe 0-0: Called Strike
0-1: Foul Ball, location: 2F
0-2: Ball
1-2: Ball
2-2: Ground out 5-3 (Groundball, 56)
Top of the 3rd over - 0 run(s), 0 hit(s), 0 error(s), 0 left on base; Glendale 0 - Virginia Beach 0
BOTTOM OF THE 3RD
Virginia Beach Deuces batting - Pitching for Glendale Herons : RHP Mike Barrett
Batting: LHB Atílio Mansilhas 0-0: Foul Ball, location: 2F
0-1: Ball
1-1: Called Strike
1-2: Strikes out swinging
Batting: RHB James Hill 0-0: Ground out 6-3 (Groundball, 6)
Batting: RHB Luis Jelarde 0-0: Ball
1-0: Called Strike
1-1: Ball
2-1: Ground out 1-3 (Groundball, 13S)
Bottom of the 3rd over - 0 run(s), 0 hit(s), 0 error(s), 0 left on base; Glendale 0 - Virginia Beach 0
TOP OF THE 4TH
Glendale Herons batting - Pitching for Virginia Beach Deuces : LHP Gabriel Herrera
Batting: RHB Jordan Hollins 0-0: Called Strike
0-1: Foul Ball, location: 2F
0-2: Ball
1-2: Ball
2-2: Ground out 5-3 (Groundball, 5S)
Batting: LHB Ruud van Ineveld 0-0: Ball
1-0: Ball
2-0: Fly out, F9 (Flyball, 9S)
Batting: RHB Ramón Hernández 0-0: Foul Ball, location: 2F
0-1: Called Strike
0-2: Foul Ball, location: 2F
0-2: Ball
1-2: Ground out 4-3 (Groundball, 4)
Top of the 4th over - 0 run(s), 0 hit(s), 0 error(s), 0 left on base; Glendale 0 - Virginia Beach 0
BOTTOM OF THE 4TH
Virginia Beach Deuces batting - Pitching for Glendale Herons : RHP Mike Barrett
Batting: SHB Carlos Pérez 0-0: Ball
1-0: Foul Ball, location: 2F
1-1: Foul Ball, location: 2F
1-2: Strikes out swinging
Batting: LHB Curt Wilson 0-0: SINGLE (Groundball, 4MD)
Batting: SHB Juan Perales 0-0: Ball
1-0: Ball
2-0: Ball
3-0: Called Strike
3-1: Base on Balls
Curt Wilson to second
Batting: RHB Juan González 0-0: Swinging Strike
0-1: Ball
1-1: Ball
2-1: Foul Ball, location: 2F
2-2: Strikes out swinging
Batting: RHB Robert Emmet Odlum 0-0: Called Strike
0-1: Ball
1-1: Ball
2-1: SINGLE (Line Drive, 56)
Curt Wilson to third
Juan Perales to second
Runner from 3rd tries for Home, SAFE, no throw
Batting: RHB Raleigh Delaney Pickoff Throw to Second - Out!
Bottom of the 4th over - 1 run(s), 2 hit(s), 0 error(s), 0 left on base; Glendale 0 - Virginia Beach 1
TOP OF THE 5TH
Glendale Herons batting - Pitching for Virginia Beach Deuces : LHP Gabriel Herrera
Batting: RHB Santiago Ramos 0-0: Called Strike
0-1: Foul Ball, location: 2F
0-2: Ball
1-2: Ball
2-2: Ball
3-2: Strikes out swinging, 2-3 out at first.
Batting: RHB José Villegas 0-0: Swinging Strike
0-1: Ground out 4-3 (Groundball, 4)
Batting: SHB Raúl Duarte 0-0: Ground out 5-3 (Groundball, 56)
Top of the 5th over - 0 run(s), 0 hit(s), 0 error(s), 0 left on base; Glendale 0 - Virginia Beach 1
BOTTOM OF THE 5TH
Virginia Beach Deuces batting - Pitching for Glendale Herons : RHP Mike Barrett
Batting: RHB Raleigh Delaney 0-0: Ball
1-0: Ball
2-0: Ball
3-0: Base on Balls
Batting: LHB Atílio Mansilhas 0-0: Ball
1-0: Sac Bunt - play at first, batter OUT! 5-3
Raleigh Delaney to second
Batting: RHB James Hill 0-0: Foul Ball, location: 2F
0-1: Ball
1-1: Swinging Strike
1-2: SINGLE (Line Drive, 8RS)
Raleigh Delaney to third
Runner from 3rd tries for Home, SAFE, no throw
Batting: RHB Luis Jelarde 0-0: Fly out, F9 (Flyball, 9S)
Batting: SHB Carlos Pérez 0-0: Called Strike
0-1: Ball
1-1: Ball
2-1: Called Strike
2-2: Strikes out swinging
Bottom of the 5th over - 1 run(s), 1 hit(s), 0 error(s), 1 left on base; Glendale 0 - Virginia Beach 2
TOP OF THE 6TH
Glendale Herons batting - Pitching for Virginia Beach Deuces : LHP Gabriel Herrera
Batting: SHB Tom Oglander 0-0: Called Strike
0-1: Foul Ball, location: 2F
0-2: Ball
1-2: Foul Ball, location: 2F
1-2: Strikes out swinging
Batting: RHB Daniel Maldonado 0-0: Ground out 5-3 (Groundball, 56S)
Batting: RHB Restin P. Surambe 0-0: Called Strike
0-1: Called Strike
0-2: Ball
1-2: Foul Ball, location: 2F
1-2: Ball
2-2: Foul Ball, location: 2F
2-2: Ball
3-2: Strikes out swinging
Top of the 6th over - 0 run(s), 0 hit(s), 0 error(s), 0 left on base; Glendale 0 - Virginia Beach 2
BOTTOM OF THE 6TH
Virginia Beach Deuces batting - Pitching for Glendale Herons : RHP Mike Barrett
Batting: LHB Curt Wilson 0-0: Called Strike
0-1: Swinging Strike
0-2: Ball
1-2: Strikes out swinging
Batting: SHB Juan Perales 0-0: Swinging Strike
0-1: Ground out 6-3 (Groundball, 6)
Batting: RHB Juan González 0-0: Ball
1-0: Called Strike
1-1: Ball
2-1: Fly out, F7 (Flyball, 7S)
Bottom of the 6th over - 0 run(s), 0 hit(s), 0 error(s), 0 left on base; Glendale 0 - Virginia Beach 2
TOP OF THE 7TH
Glendale Herons batting - Pitching for Virginia Beach Deuces : LHP Gabriel Herrera
Batting: RHB Jordan Hollins 0-0: Ball
1-0: SINGLE (Line Drive, 8RS)
Batting: LHB Ruud van Ineveld 0-0: Ball
1-0: Called Strike
1-1: Fly out, F4 (Line Drive, 4MD)
Batting: RHB Ramón Hernández 0-0: Grounds into double play, 5-4-3 (Groundball, 56)
Top of the 7th over - 0 run(s), 1 hit(s), 0 error(s), 0 left on base; Glendale 0 - Virginia Beach 2
BOTTOM OF THE 7TH
Virginia Beach Deuces batting - Pitching for Glendale Herons : RHP Mike Barrett
Batting: RHB Robert Emmet Odlum 0-0: Ball
1-0: Called Strike
1-1: Foul Ball, location: 2F
1-2: Ball
2-2: Ball
3-2: Strikes out swinging
Batting: RHB Raleigh Delaney 0-0: Foul Ball, location: 2F
0-1: Fly out, F7 (Flyball, 7)
Batting: LHB Atílio Mansilhas 0-0: Ball
1-0: Ball
2-0: Foul Ball, location: 2F
2-1: Foul Ball, location: 2F
2-2: Ground out 4-3 (Groundball, 4S)
Bottom of the 7th over - 0 run(s), 0 hit(s), 0 error(s), 0 left on base; Glendale 0 - Virginia Beach 2
TOP OF THE 8TH
Glendale Herons batting - Pitching for Virginia Beach Deuces : LHP Gabriel Herrera
Batting: RHB Santiago Ramos 0-0: Ground out 2-3 (Groundball, 2L)
Batting: RHB José Villegas 0-0: Ball
1-0: Called Strike
1-1: Ground out 5-3 (Groundball, 56)
Batting: SHB Raúl Duarte 0-0: Foul Ball, location: 2F
0-1: Ball
1-1: Foul Ball, location: 2F
1-2: Ball
2-2: Strikes out looking
Top of the 8th over - 0 run(s), 0 hit(s), 0 error(s), 0 left on base; Glendale 0 - Virginia Beach 2
BOTTOM OF THE 8TH
Virginia Beach Deuces batting - Pitching for Glendale Herons : RHP Mike Barrett
Batting: RHB James Hill 0-0: Ball
1-0: Ball
2-0: Ground out 5-3 (Groundball, 56)
Batting: RHB Luis Jelarde 0-0: Ball
1-0: Called Strike
1-1: Called Strike
1-2: Ball
2-2: Strikes out looking
Batting: SHB Carlos Pérez 0-0: Fly out, F7 (Line Drive, 7S)
Bottom of the 8th over - 0 run(s), 0 hit(s), 0 error(s), 0 left on base; Glendale 0 - Virginia Beach 2
TOP OF THE 9TH
Glendale Herons batting - Pitching for Virginia Beach Deuces : LHP Gabriel Herrera
Pitching: RHP Enrique Castillo
Batting: SHB Tom Oglander 0-0: Called Strike
0-1: Called Strike
0-2: Ball
1-2: Ground out 6-3 (Groundball, 6)
Batting: RHB Daniel Maldonado 0-0: Called Strike
0-1: Ball
1-1: Ball
2-1: Ball
3-1: Swinging Strike
3-2: Strikes out swinging
Batting: RHB Restin P. Surambe 0-0: SINGLE (Groundball, 56D)
Pinch Runner at 1st Pedro Vásquez:
Batting: RHB Jordan Hollins 0-0: Ball
1-0: Foul Ball, location: 2F
1-1: Called Strike
1-2: Foul Ball, location: 2F
1-2: Strikes out swinging
Top of the 9th over - 0 run(s), 1 hit(s), 0 error(s), 1 left on base; Glendale 0 - Virginia Beach 2
Monday, March 20th, 2017 - OOTP Baseball 17.12 Build 75